[Event "VII Pontevedra Masters-A 2019"]
[Site "Pontevedra"]
[Date "2019.08.10"]
[Round "3"]
[White "Pulvett Marin, Daniel Eduardo"]
[Black "Rodriguez Vila, Andres"]
[Result "1-0"]
[ECO "A80"]
[WhiteElo "2474"]
[BlackElo "2492"]
[Annotator "ChessBase"]
[PlyCount "141"]
[EventDate "2019.??.??"]
[EventCountry "ESP"]
[SourceTitle "playchess.com"]
[Source "ChessBase"]
[SourceQuality "1"]
[TimeControl "5400+30"]

1. d4 f5 2. Nf3 Nf6 3. Nc3 e6 4. Bg5 d5 5. h3 c6 6. e3 Bb4 7. Bd3 Qa5 8. O-O Bxc3 9. bxc3 Qxc3 10. Bxf6 gxf6 11. Nh4 Nd7 12. Qh5+ Kd8 13. Ng6 Re8 14. Qxh7 Qa3 15. Qf7 Qd6 16. f4 b6 17. h4 Nf8 18. Qxf6+ Kc7 19. Ne5 Nd7 20. Qg7 Qe7 21. Qxe7 Rxe7 22. Nxd7 Bxd7 23. Kf2 Rg7 24. Rh1 c5 25. h5 Rh8 26. Rh3 Kd6 27. h6 Rg6 28. Rah1 c4 29. Be2 Ba4 30. c3 Bc2 31. h7 Ke7 32. Rh6 Kf6 33. g4 fxg4 34. Bxg4 Bf5 35. Bxf5 exf5 36. a4 Kg7 37. R6h5 Kf6 38. Rh6 Kg7 39. R6h5 Kf6 40. Rb1 Rg7 41. Rh6+ Rg6 42. Rxg6+ Kxg6 43. Rb5 Rxh7 44. Rxd5 Rh2+ 45. Kf3 Rc2 46. Rd6+ Kf7 47. Rd7+ Ke6 48. Rxa7 Rxc3 49. Ra6 Rb3 50. a5 c3 51. Ke2 c2 52. Kd2 Rxe3 53. Kxc2 Kd5 54. axb6 Kc6 55. Ra5 Kxb6 56. Rxf5 Kc6 57. Kd2 Ra3 58. Ke2 Kd6 59. Re5 Rh3 60. f5 Rh4 61. Kd3 Rf4 62. Kc4 Rf1 63. Ra5 Rc1+ 64. Kd3 Rd1+ 65. Ke4 Re1+ 66. Kf4 Rd1 67. Kg5 Rxd4 68. Kf6 Rh4 69. Kf7 Rh1 70. f6 Kd7 71. Rd5+ 1-0

[Event "VII Pontevedra Masters-A 2019"]
[Site "Pontevedra"]
[Date "2019.08.10"]
[Round "3"]
[White "Khamrakulov, Ibragim S."]
[Black "Petkov, Vladimir"]
[Result "1/2-1/2"]
[ECO "C55"]
[WhiteElo "2437"]
[BlackElo "2497"]
[Annotator "ChessBase"]
[PlyCount "109"]
[EventDate "2019.??.??"]
[EventCountry "ESP"]
[SourceTitle "playchess.com"]
[Source "ChessBase"]
[SourceQuality "1"]
[TimeControl "5400+30"]

1. e4 e5 2. Nf3 Nc6 3. Bc4 Nf6 4. d3 Be7 5. O-O O-O 6. a4 a5 7. Nc3 d6 8. h3 Be6 9. Bxe6 fxe6 10. d4 exd4 11. Nxd4 Qd7 12. f4 d5 13. Nxe6 Qxe6 14. exd5 Bc5+ 15. Kh2 Qf5 16. dxc6 bxc6 17. Qd3 Qxd3 18. cxd3 Rfd8 19. Ne4 Bb4 20. Nxf6+ gxf6 21. Rf3 Rd5 22. b3 Rad8 23. Bb2 Rxd3 24. Bxf6 Rxf3 25. Bxd8 Rxf4 26. Bxc7 Rd4 27. Rf1 c5 28. Kg3 c4 29. bxc4 Rxc4 30. Be5 Bd2 31. Rd1 Bc3 32. Bxc3 Rxc3+ 33. Kf4 Rc4+ 34. Kg5 Rxa4 35. Rd8+ Kg7 36. Rd7+ Kg8 37. Ra7 Rb4 38. Rxa5 Rb7 39. Kh6 Rb6+ 40. Kh5 Rc6 41. Ra8+ Kg7 42. Ra7+ Kg8 43. Re7 Ra6 44. g3 Rb6 45. Kg5 Rg6+ 46. Kf4 Rf6+ 47. Ke4 Rg6 48. Kf3 Rf6+ 49. Kg2 Ra6 50. h4 Ra4 51. Kf3 Rb4 52. Re4 Rb7 53. g4 Kg7 54. Kf4 h6 55. Re5 1/2-1/2

[Event "VII Pontevedra Masters-A 2019"]
[Site "Pontevedra"]
[Date "2019.08.10"]
[Round "3"]
[White "Suarez Gomez, Julio"]
[Black "Martins, Bruno Andre Leite"]
[Result "1/2-1/2"]
[ECO "A88"]
[WhiteElo "2429"]
[BlackElo "2177"]
[Annotator "NA"]
[PlyCount "117"]
[EventDate "2019.??.??"]
[EventCountry "ESP"]
[SourceTitle "playchess.com"]
[Source "ChessBase"]
[SourceQuality "1"]
[TimeControl "5400+30"]

1. d4 f5 2. g3 Nf6 3. Bg2 g6 4. Nh3 Bg7 5. O-O d6 6. c4 c6 7. Nc3 O-O 8. d5 e5 9. dxe6 Bxe6 10. Qd3 Nbd7 11. Ng5 Re8 12. Nxe6 Rxe6 13. Qc2 Nc5 14. Rb1 a5 15. e3 Qe7 16. b3 Ng4 17. Ne2 Qf7 18. Nd4 Re7 19. Bb2 h5 20. Nf3 Bh6 21. h3 Nf6 22. Rbd1 Nfe4 23. h4 Rae8 24. Ba1 Kh7 25. a3 Nd7 26. Ne1 Ndf6 27. Bxf6 Qxf6 28. Bxe4 Rxe4 29. Ng2 Qe6 30. Qd2 a4 31. Qb4 axb3 32. Rxd6 Qxc4 33. Rd7+ Kg8 34. Qxb7 Qb5 35. Qxb5 cxb5 36. Rb1 b4 37. Rxb3 bxa3 38. Rxa3 R4e7 39. Rxe7 Rxe7 40. Kf1 Kf7 41. Ke2 Rd7 42. Ne1 Bf8 43. Rb3 Bd6 44. Nd3 Rc7 45. Kf3 Rd7 46. Rb5 Ke6 47. Rb6 Kf7 48. Nb2 Be5 49. Nc4 Bf6 50. Rc6 Kg7 51. Kf4 Ra7 52. f3 Re7 53. e4 fxe4 54. fxe4 Bc3 55. e5 Be1 56. e6 Kf6 57. Nd6 Rxe6 58. Ne4+ Ke7 59. Rxe6+ 1/2-1/2

[Event "VII Pontevedra Masters-A 2019"]
[Site "Pontevedra"]
[Date "2019.08.10"]
[Round "3"]
[White "Bernal Moro, Luis Javier"]
[Black "Madrigal, Mariano"]
[Result "1-0"]
[ECO "B36"]
[WhiteElo "2428"]
[BlackElo "2151"]
[Annotator "NA"]
[PlyCount "97"]
[EventDate "2019.??.??"]
[EventCountry "ESP"]
[SourceTitle "playchess.com"]
[Source "ChessBase"]
[SourceQuality "1"]
[TimeControl "5400+30"]

1. c4 c5 2. Nf3 g6 3. e4 Nc6 4. d4 cxd4 5. Nxd4 Nf6 6. Nc3 Nxd4 7. Qxd4 d6 8. Bg5 Bg7 9. Qd2 O-O 10. Bd3 a5 11. O-O a4 12. Rab1 Be6 13. Rfc1 Nd7 14. Nd5 Re8 15. Bf1 Nc5 16. Re1 Bxd5 17. exd5 Qd7 18. f3 Qf5 19. Be3 e6 20. dxe6 Rxe6 21. Bf2 Rxe1 22. Rxe1 Qf6 23. Re2 h6 24. Qd5 Rd8 25. Rd2 Ne6 26. Qxb7 a3 27. bxa3 Qc3 28. Rd3 Qc1 29. Qb3 Ra8 30. Rxd6 Qf4 31. Rd1 Ra5 32. g3 Qf5 33. Bg2 Kh7 34. f4 h5 35. Rd5 Rxd5 36. cxd5 Nd4 37. Qd1 Nb5 38. h4 Nc3 39. Qd2 Nb1 40. Qb4 Qd3 41. Qe4 Qd1+ 42. Qe1 Qc2 43. Be4 Qxa2 44. Qxb1 Qxa3 45. Qd3 Qd6 46. f5 Be5 47. Kg2 Qf6 48. fxg6+ fxg6 49. Qf3 1-0

[Event "VII Pontevedra Masters-A 2019"]
[Site "Pontevedra"]
[Date "2019.08.10"]
[Round "3"]
[White "Kukov, Velislav"]
[Black "Narciso Dublan, Marc"]
[Result "0-1"]
[ECO "D00"]
[WhiteElo "2349"]
[BlackElo "2489"]
[Annotator "ChessBase"]
[PlyCount "74"]
[EventDate "2019.??.??"]
[EventCountry "ESP"]
[SourceTitle "playchess.com"]
[Source "ChessBase"]
[SourceQuality "1"]
[TimeControl "5400+30"]

1. d4 Nf6 2. Bf4 d5 3. e3 Bg4 4. Qd3 Nc6 5. Be2 Bxe2 6. Nxe2 e6 7. c4 Nb4 8. Qb3 dxc4 9. Qxc4 Qd5 10. Qxd5 exd5 11. Na3 Nd3+ 12. Kf1 O-O-O 13. Bg5 Rd6 14. Nb5 Rb6 15. Nbc3 Ne4 16. Nxe4 dxe4 17. b3 f6 18. Bh4 Rc6 19. f3 Bb4 20. fxe4 Re8 21. Rd1 Rxe4 22. Rxd3 Rxh4 23. Kf2 Rc2 24. a4 b5 25. axb5 Rh5 26. e4 Rxb5 27. Rb1 Ra5 28. Rc1 Rb2 29. Ke3 Ra3 30. d5 Raxb3 31. Rxb3 Rxb3+ 32. Kd4 Rb2 33. Kd3 Bd6 34. h4 a5 35. Ra1 Rb3+ 36. Kc4 Re3 37. Nd4 Rxe4 0-1

[Event "VII Pontevedra Masters-A 2019"]
[Site "Pontevedra"]
[Date "2019.08.10"]
[Round "3"]
[White "Lillo Castany, Victor"]
[Black "Ruck, Robert"]
[Result "0-1"]
[ECO "B51"]
[WhiteElo "2332"]
[BlackElo "2524"]
[Annotator "ChessBase"]
[PlyCount "68"]
[EventDate "2019.??.??"]
[EventCountry "ESP"]
[SourceTitle "playchess.com"]
[Source "ChessBase"]
[SourceQuality "1"]
[TimeControl "5400+30"]

1. e4 c5 2. Nf3 d6 3. Bb5+ Nd7 4. O-O Ngf6 5. Qe2 a6 6. Bd3 b5 7. c4 b4 8. a3 b3 9. Qd1 Rb8 10. Nc3 g6 11. Be2 Bg7 12. d3 Ng4 13. Nb1 Nge5 14. Nbd2 Qb6 15. Nxe5 Nxe5 16. h3 Nc6 17. Nf3 O-O 18. Rb1 f5 19. Bd2 Bd7 20. Qc1 e5 21. exf5 gxf5 22. Bc3 Rf6 23. Nd2 Bh6 24. Qd1 Rg6 25. Re1 Kh8 26. Bf1 Nd4 27. Bxd4 cxd4 28. Ra1 Bc6 29. Kh2 Rbg8 30. g3 Qb7 31. Nxb3 Ba4 32. Nc5 dxc5 33. Qxa4 Qxb2 34. Be2 f4 0-1

[Event "VII Pontevedra Masters-A 2019"]
[Site "Pontevedra"]
[Date "2019.08.10"]
[Round "3"]
[White "Krutti, Valer"]
[Black "Grigoryan, Karen H."]
[Result "0-1"]
[ECO "E61"]
[WhiteElo "2297"]
[BlackElo "2549"]
[Annotator "ChessBase"]
[PlyCount "74"]
[EventDate "2019.??.??"]
[EventCountry "ESP"]
[SourceTitle "playchess.com"]
[Source "ChessBase"]
[SourceQuality "1"]
[TimeControl "5400+30"]

1. d4 Nf6 2. Nf3 g6 3. c4 Bg7 4. Nc3 O-O 5. Bg5 c5 6. d5 b5 7. cxb5 a6 8. e4 axb5 9. Bxb5 Nxe4 10. Nxe4 Qa5+ 11. Nc3 Bxc3+ 12. bxc3 Qxb5 13. Nd2 Qd3 14. c4 d6 15. Rb1 Bf5 16. Rb3 Qd4 17. a3 Bd7 18. Qc1 Ba4 19. Rc3 Qe5+ 20. Be3 Nd7 21. O-O Qh5 22. Re1 f6 23. Ne4 g5 24. f4 gxf4 25. Bxf4 Kh8 26. Ng3 Qf7 27. Nf5 Ne5 28. Rg3 Bd7 29. Nh6 Qh5 30. Bxe5 dxe5 31. Re4 Ra6 32. Ng4 Bf5 33. Nf2 Bxe4 34. Nxe4 Qh4 35. Nxc5 Qd4+ 36. Qe3 Qa1+ 37. Kf2 Rb6 0-1

[Event "VII Pontevedra Masters-A 2019"]
[Site "Pontevedra"]
[Date "2019.08.10"]
[Round "3"]
[White "Buitron Ramil, David"]
[Black "Varela Peteira, David"]
[Result "1-0"]
[ECO "B11"]
[WhiteElo "1919"]
[BlackElo "1737"]
[Annotator "NA"]
[PlyCount "111"]
[EventDate "2019.??.??"]
[EventCountry "ESP"]
[SourceTitle "playchess.com"]
[Source "ChessBase"]
[SourceQuality "1"]
[TimeControl "5400+30"]

1. e4 c6 2. Nc3 d5 3. Nf3 Bg4 4. h3 Bxf3 5. Qxf3 dxe4 6. Nxe4 e6 7. Bc4 Nd7 8. Qe2 Ngf6 9. Ng5 Nd5 10. d3 Be7 11. Qh5 g6 12. Qg4 Ne5 13. Qg3 Nxc4 14. dxc4 Nf6 15. O-O h6 16. Nxe6 fxe6 17. Qxg6+ Kf8 18. Bxh6+ Rxh6 19. Qxh6+ Kf7 20. Rfe1 Qa5 21. Qe3 Qf5 22. Qe5 Qxe5 23. Rxe5 Bd6 24. Re2 Bc5 25. Rae1 Re8 26. g3 Re7 27. Kg2 Nd7 28. f4 Nb6 29. b3 Bb4 30. Rd1 Nd7 31. Rd3 e5 32. fxe5 Nxe5 33. Rde3 Kf6 34. g4 Bd6 35. Rf2+ Ke6 36. Rf5 b5 37. cxb5 cxb5 38. Rh5 Kd5 39. Re2 Kd4 40. Rd2+ Kc5 41. Rh6 Bc7 42. c3 Nc6 43. b4+ Kb6 44. Rf2 Kb7 45. g5 Re3 46. Rf3 Re2+ 47. Kf1 Rxa2 48. g6 Ne5 49. g7 Nxf3 50. g8=Q Nh2+ 51. Ke1 Nf3+ 52. Kd1 Rd2+ 53. Kc1 Rd7 54. Rh8 Bf4+ 55. Kb2 Rd2+ 56. Kb3 1-0

[Event "VII Pontevedra Masters-A 2019"]
[Site "Pontevedra"]
[Date "2019.08.10"]
[Round "3"]
[White "Herran Castro, Aitor"]
[Black "Buitron Ramil, David"]
[Result "0-1"]
[ECO "A05"]
[WhiteElo "1724"]
[BlackElo "1919"]
[Annotator "NA"]
[PlyCount "40"]
[EventDate "2019.??.??"]
[EventCountry "ESP"]
[SourceTitle "playchess.com"]
[Source "ChessBase"]
[SourceQuality "1"]
[TimeControl "5400+30"]

1. d4 e6 2. Nf3 c5 3. e3 Nf6 4. b3 Nc6 5. Bb2 b6 6. Nbd2 Bb7 7. c3 Rc8 8. Rc1 Ne7 9. dxc5 bxc5 10. Bb5 Ned5 11. Nc4 Be7 12. Nce5 O-O 13. O-O d6 14. Nd3 a6 15. Bc4 Nb6 16. Qe2 d5 17. Rfd1 Qc7 18. Nxc5 dxc4 19. Nxb7 Qxb7 20. Ne5 Qc7 0-1

[Event "VII Pontevedra Masters-A 2019"]
[Site "Pontevedra"]
[Date "2019.08.11"]
[Round "5"]
[White "Ruck, Robert"]
[Black "Narciso Dublan, Marc"]
[Result "1/2-1/2"]
[ECO "A17"]
[WhiteElo "2524"]
[BlackElo "2489"]
[Annotator "ChessBase"]
[PlyCount "53"]
[EventDate "2019.??.??"]
[EventCountry "ESP"]
[SourceTitle "playchess.com"]
[Source "ChessBase"]
[SourceQuality "1"]
[TimeControl "5400+30"]

1. Nf3 Nf6 2. c4 e6 3. Nc3 Bb4 4. Qc2 O-O 5. a3 Bxc3 6. Qxc3 b6 7. b4 Bb7 8. Bb2 d6 9. e3 c5 10. Be2 e5 11. O-O Re8 12. Rae1 Nbd7 13. d4 cxd4 14. exd4 Rc8 15. dxe5 dxe5 16. Qb3 Qc7 17. Rd1 Nf8 18. Rfe1 Ng6 19. Bf1 Qb8 20. h3 Re7 21. Re3 Rce8 22. Rde1 h6 23. Qc3 Nd7 24. Qc2 Qa8 25. Qc3 Qb8 26. Qc2 Qa8 27. Qc3 1/2-1/2

[Event "VII Pontevedra Masters-A 2019"]
[Site "Pontevedra"]
[Date "2019.08.11"]
[Round "5"]
[White "Rodriguez Vila, Andres"]
[Black "Senlle Caride, Miguel"]
[Result "1-0"]
[ECO "C58"]
[WhiteElo "2492"]
[BlackElo "2357"]
[Annotator "ChessBase"]
[PlyCount "107"]
[EventDate "2019.??.??"]
[EventCountry "ESP"]
[SourceTitle "playchess.com"]
[Source "ChessBase"]
[SourceQuality "1"]
[TimeControl "5400+30"]

1. e4 e5 2. Nf3 Nc6 3. Bc4 Nf6 4. Ng5 d5 5. exd5 Na5 6. Bb5+ c6 7. dxc6 bxc6 8. Bd3 Nd5 9. Nf3 Bd6 10. O-O O-O 11. Re1 Bg4 12. h3 Bxf3 13. Qxf3 f5 14. Bxf5 Qe7 15. c4 Nf4 16. Qe4 Qf6 17. Bxh7+ Kh8 18. d3 Nxh3+ 19. gxh3 Qxf2+ 20. Kh1 Rf3 21. Bf5 Rf8 22. Bg4 Qxe1+ 23. Qxe1 Rf1+ 24. Qxf1 Rxf1+ 25. Kg2 Rxc1 26. Bf5 Bc5 27. h4 Bd4 28. a4 g6 29. Bxg6 Rg1+ 30. Kh3 Rxg6 31. Nd2 c5 32. Rf1 Kg7 33. Ne4 Nc6 34. h5 Rg1 35. Rf3 Nd8 36. Rf6 Rh1+ 37. Kg4 Rg1+ 38. Kh4 Rh1+ 39. Kg4 Nf7 40. Rg6+ Kf8 41. Ra6 Rg1+ 42. Kf5 Rg7 43. b3 Rh7 44. Nf6 Nh6+ 45. Ke4 Rf7 46. a5 Kg7 47. Ne8+ Kh7 48. Nd6 Rf4+ 49. Kd5 Rf3 50. Rxa7+ Kg8 51. a6 Rxd3 52. Ra8+ Kg7 53. a7 e4 54. Re8 1-0

[Event "VII Pontevedra Masters-A 2019"]
[Site "Pontevedra"]
[Date "2019.08.11"]
[Round "5"]
[White "Khamrakulov, Ibragim S."]
[Black "Gonzalez Trigal, Jose Luis"]
[Result "1-0"]
[ECO "C55"]
[WhiteElo "2437"]
[BlackElo "2339"]
[Annotator "NA"]
[PlyCount "67"]
[EventDate "2019.??.??"]
[EventCountry "ESP"]
[SourceTitle "playchess.com"]
[Source "ChessBase"]
[SourceQuality "1"]
[TimeControl "5400+30"]

1. e4 e5 2. Nf3 Nc6 3. Bc4 Nf6 4. d3 Be7 5. O-O O-O 6. a4 d5 7. exd5 Nxd5 8. h3 Kh8 9. Re1 f6 10. Nc3 Be6 11. Ne4 Qd7 12. d4 Rad8 13. dxe5 Nxe5 14. Nxe5 fxe5 15. Bg5 Nf6 16. Qxd7 Bxd7 17. Bh4 h6 18. Bg3 Bc6 19. Nc3 e4 20. Bxc7 Rd2 21. Re2 Rxe2 22. Nxe2 Nd5 23. Bg3 Bc5 24. a5 e3 25. f3 b5 26. axb6 axb6 27. Kf1 g5 28. Be5+ Nf6 29. b4 Be7 30. Ra7 Rd8 31. Nd4 Bd7 32. Ne6 Bxe6 33. Bxe6 Re8 34. Rxe7 1-0

[Event "VII Pontevedra Masters-A 2019"]
[Site "Pontevedra"]
[Date "2019.08.11"]
[Round "5"]
[White "Solozhenkin, Evgeniy"]
[Black "Grigoryan, Karen H."]
[Result "0-1"]
[ECO "B55"]
[WhiteElo "2423"]
[BlackElo "2549"]
[Annotator "ChessBase"]
[PlyCount "74"]
[EventDate "2019.??.??"]
[EventCountry "ESP"]
[SourceTitle "playchess.com"]
[Source "ChessBase"]
[SourceQuality "1"]
[TimeControl "5400+30"]

1. e4 c5 2. Nf3 d6 3. d4 cxd4 4. Nxd4 Nf6 5. f3 e5 6. Nb3 Be6 7. c4 Qc7 8. Na3 a6 9. Be3 Be7 10. Be2 O-O 11. Rc1 Nfd7 12. O-O h6 13. Qd2 Nc6 14. Nb1 Nc5 15. Nc3 Nxb3 16. axb3 Bg5 17. Bxg5 hxg5 18. Qxg5 Qb6+ 19. Rf2 Qxb3 20. Bd1 Qb6 21. Nd5 Bxd5 22. exd5 Nd4 23. f4 f6 24. Qg6 exf4 25. Rc3 Rae8 26. Kf1 Re5 27. Rh3 Rfe8 28. Qh7+ Kf8 29. Qh8+ Ke7 30. Qxg7+ Kd8 31. g3 Nf5 32. Qxf6+ Kc7 33. Be2 Qxb2 34. Rh7+ Kb8 35. Rh8 Qb1+ 36. Kg2 Ne3+ 37. Kh3 Qf5+ 0-1

[Event "VII Pontevedra Masters-A 2019"]
[Site "Pontevedra"]
[Date "2019.08.11"]
[Round "5"]
[White "Portela Peleteiro, Alberto"]
[Black "Manolache, Marius"]
[Result "0-1"]
[ECO "B07"]
[WhiteElo "2375"]
[BlackElo "2504"]
[Annotator "ChessBase"]
[PlyCount "94"]
[EventDate "2019.??.??"]
[EventCountry "ESP"]
[SourceTitle "playchess.com"]
[Source "ChessBase"]
[SourceQuality "1"]
[TimeControl "5400+30"]

1. e4 d6 2. d4 Nf6 3. Nc3 g6 4. Bg5 Nbd7 5. Qd2 h6 6. Bh4 Bg7 7. f4 Nb6 8. Bd3 c6 9. Nf3 Bg4 10. O-O-O Qd7 11. Kb1 O-O-O 12. Qf2 Nh5 13. Ne2 Bf6 14. Bxf6 Nxf6 15. h3 Bxf3 16. Qxf3 h5 17. e5 Nfd5 18. a3 Kb8 19. g4 Nc7 20. f5 hxg4 21. Qxg4 gxf5 22. Bxf5 e6 23. Bd3 dxe5 24. dxe5 Qe7 25. Rdg1 Nd7 26. Qg7 Qc5 27. Rg5 Rdf8 28. b4 Qe3 29. Rf1 Ne8 30. Rg3 Qxe2 31. Bxe2 Nxg7 32. Rxg7 Nxe5 33. Rg3 Kc7 34. Re3 Nd7 35. h4 Rxh4 36. Rg3 Kd6 37. c4 Ke7 38. c5 a5 39. bxa5 Nxc5 40. Rc1 Ne4 41. Re3 Rd8 42. a6 bxa6 43. Rxc6 Rh1+ 44. Kc2 Rd2+ 45. Kb3 Rb1+ 46. Ka4 Rd4+ 47. Ka5 Rd5+ 0-1

[Event "VII Pontevedra Masters-A 2019"]
[Site "Pontevedra"]
[Date "2019.08.11"]
[Round "5"]
[White "Kukov, Velislav"]
[Black "Petkov, Vladimir"]
[Result "1/2-1/2"]
[ECO "D02"]
[WhiteElo "2349"]
[BlackElo "2497"]
[Annotator "ChessBase"]
[PlyCount "43"]
[EventDate "2019.??.??"]
[EventCountry "ESP"]
[SourceTitle "playchess.com"]
[Source "ChessBase"]
[SourceQuality "1"]
[TimeControl "5400+30"]

1. d4 d5 2. Bf4 Nf6 3. Nf3 c5 4. c3 e6 5. e3 Nc6 6. Nbd2 Bd6 7. Bg3 O-O 8. Bd3 Qe7 9. Ne5 Nd7 10. Nxd7 Qxd7 11. Bxd6 Qxd6 12. dxc5 Qxc5 13. Bxh7+ Kxh7 14. Qh5+ Kg8 15. Ne4 g6 16. Qg5 Qe7 17. Nf6+ Kg7 18. Nh5+ Kg8 19. Nf6+ Kg7 20. Nh5+ Kh7 21. Nf6+ Kg7 22. Nh5+ 1/2-1/2

[Event "VII Pontevedra Masters-A 2019"]
[Site "Pontevedra"]
[Date "2019.08.11"]
[Round "5"]
[White "Solozhenkina, Elizaveta"]
[Black "Bernal Moro, Luis Javier"]
[Result "1/2-1/2"]
[ECO "B07"]
[WhiteElo "2324"]
[BlackElo "2428"]
[Annotator "NA"]
[PlyCount "64"]
[EventDate "2019.??.??"]
[EventCountry "ESP"]
[SourceTitle "playchess.com"]
[Source "ChessBase"]
[SourceQuality "1"]
[TimeControl "5400+30"]

1. d4 Nf6 2. Nf3 g6 3. g3 Bg7 4. Bg2 O-O 5. O-O d6 6. Nc3 Nc6 7. d5 Nb8 8. e4 e5 9. dxe6 Bxe6 10. Nd4 Bd7 11. h3 Nc6 12. Be3 Re8 13. Re1 Qc8 14. Kh2 a6 15. f4 Nxd4 16. Bxd4 Bc6 17. Qd3 b5 18. Nd5 Bxd5 19. exd5 Qd7 20. c4 b4 21. a3 Rxe1 22. Rxe1 bxa3 23. bxa3 Rb8 24. c5 Qa4 25. Re7 Qxd4 26. Qxd4 Ng4+ 27. hxg4 Bxd4 28. c6 Bb6 29. g5 Kf8 30. Re4 Bc5 31. Ra4 Rb3 32. Rxa6 Rxa3 1/2-1/2

[Event "VII Pontevedra Masters-A 2019"]
[Site "Pontevedra"]
[Date "2019.08.11"]
[Round "5"]
[White "Garcia Suarez, Belarmino"]
[Black "Buitron Ramil, David"]
[Result "0-1"]
[ECO "A53"]
[WhiteElo "1823"]
[BlackElo "1919"]
[Annotator "NA"]
[PlyCount "54"]
[EventDate "2019.??.??"]
[EventCountry "ESP"]
[SourceTitle "playchess.com"]
[Source "ChessBase"]
[SourceQuality "1"]
[TimeControl "5400+30"]

1. d4 Nf6 2. c4 d6 3. Nc3 e5 4. dxe5 dxe5 5. Qxd8+ Kxd8 6. Bg5 Be6 7. e3 Nbd7 8. Nf3 Kc8 9. Be2 Bb4 10. Bxf6 Bxc3+ 11. bxc3 gxf6 12. O-O h6 13. Nd2 Nb6 14. f4 Rd8 15. Rad1 Na4 16. f5 Nxc3 17. fxe6 Nxe2+ 18. Kf2 Nc3 19. e7 Nxd1+ 20. Rxd1 Re8 21. Ne4 f5 22. Ng3 Rxe7 23. Nxf5 Rd7 24. Ra1 Rd2+ 25. Kf3 Kd7 26. Nxh6 Ke6 27. Ng4 f5 0-1

[Event "VII Pontevedra Masters-A 2019"]
[Site "Pontevedra"]
[Date "2019.08.12"]
[Round "6"]
[White "Lillo Castany, Victor"]
[Black "Kukov, Velislav"]
[Result "1/2-1/2"]
[ECO "B12"]
[WhiteElo "2332"]
[BlackElo "2349"]
[Annotator "ChessBase"]
[PlyCount "28"]
[EventDate "2019.??.??"]
[EventCountry "ESP"]
[SourceTitle "playchess.com"]
[Source "ChessBase"]
[SourceQuality "1"]
[TimeControl "5400+30"]

1. e4 c6 2. d4 d5 3. e5 Na6 4. c3 Nc7 5. Bd3 g6 6. Ne2 h5 7. h4 Nh6 8. Ng3 Ne6 9. Bg5 Ng7 10. Nd2 Nhf5 11. Ne2 Nh6 12. Ng3 Nhf5 13. Ne2 Nh6 14. Ng3 Nhf5 1/2-1/2

[Event "VII Pontevedra Masters-A 2019"]
[Site "Pontevedra"]
[Date "2019.08.12"]
[Round "6"]
[White "Solozhenkina, Elizaveta"]
[Black "Pazos Porta, Antonio"]
[Result "0-1"]
[ECO "C11"]
[WhiteElo "2324"]
[BlackElo "2340"]
[Annotator "ChessBase"]
[PlyCount "104"]
[EventDate "2019.??.??"]
[EventCountry "ESP"]
[SourceTitle "playchess.com"]
[Source "ChessBase"]
[SourceQuality "1"]
[TimeControl "5400+30"]

1. e4 e6 2. d4 d5 3. Nc3 Nf6 4. e5 Nfd7 5. f4 c5 6. Nf3 Nc6 7. Be3 Be7 8. Qd2 O-O 9. dxc5 Qa5 10. O-O-O b6 11. Bb5 Nb4 12. Kb1 bxc5 13. a3 Rb8 14. Bxd7 Bxd7 15. axb4 Qxb4 16. b3 c4 17. Nd4 Rfc8 18. Na2 Qa3 19. Qc1 cxb3 20. Nxb3 Rxb3+ 21. cxb3 Rxc1+ 22. Nxc1 a5 23. Bd4 Qb4 24. Rhf1 a4 25. Rf3 Bb5 26. Na2 Qa5 27. Rc1 h6 28. Rfc3 axb3 29. Rxb3 Bc4 30. Rb2 Ba3 31. Rb8+ Kh7 32. Nc3 Bxc1 33. Kxc1 Bd3 34. Rb7 Qa1+ 35. Kd2 Bg6 36. Ne2 Qh1 37. g4 Qxh2 38. f5 exf5 39. e6 Qd6 40. exf7 Qf8 41. Nf4 Bxf7 42. gxf5 Qg8 43. Ra7 Qb8 44. Ne6 Qh2+ 45. Kc1 Qh1+ 46. Kb2 Qg2+ 47. Kc3 Qf3+ 48. Kb4 Qxf5 49. Nxg7 Qd3 50. Ba1 Qc4+ 51. Ka5 Qc5+ 52. Ka6 d4 0-1

[Event "VII Pontevedra Masters-A 2019"]
[Site "Pontevedra"]
[Date "2019.08.12"]
[Round "6"]
[White "Buitron Ramil, David"]
[Black "Gomez Benitez, David"]
[Result "1-0"]
[ECO "B07"]
[WhiteElo "1919"]
[BlackElo "1987"]
[Annotator "NA"]
[PlyCount "64"]
[EventDate "2019.??.??"]
[EventCountry "ESP"]
[SourceTitle "playchess.com"]
[Source "ChessBase"]
[SourceQuality "1"]
[TimeControl "5400+30"]

1. e4 d6 2. d4 Nf6 3. Nc3 g6 4. f3 c6 5. Be3 b5 6. Qd2 Nbd7 7. Nd1 Nb6 8. Bh6 Bxh6 9. Qxh6 Qc7 10. Bd3 Be6 11. b3 a5 12. Ne2 Rg8 13. Qd2 a4 14. Rb1 g5 15. Ne3 axb3 16. axb3 Ra2 17. Nc3 Ra8 18. d5 b4 19. dxe6 bxc3 20. exf7+ Kxf7 21. Qxc3 e6 22. O-O h5 23. f4 g4 24. e5 Nfd5 25. Nxd5 Nxd5 26. Qe1 Qb6+ 27. Kh1 g3 28. f5 Ne3 29. fxe6+ Kxe6 30. Rf3 Ng4 31. exd6+ Kxd6 32. Qxg3+ Kd5 1-0

[Event "VII Pontevedra Masters-A 2019"]
[Site "Pontevedra"]
[Date "2019.08.12"]
[Round "7"]
[White "Ruck, Robert"]
[Black "Bernal Moro, Luis Javier"]
[Result "1-0"]
[ECO "E62"]
[WhiteElo "2524"]
[BlackElo "2428"]
[Annotator "ChessBase"]
[PlyCount "77"]
[EventDate "2019.??.??"]
[EventCountry "ESP"]
[SourceTitle "playchess.com"]
[Source "ChessBase"]
[SourceQuality "1"]
[TimeControl "5400+30"]

1. Nf3 Nf6 2. c4 g6 3. d4 Bg7 4. g3 O-O 5. Bg2 d6 6. O-O Nc6 7. Nc3 e5 8. dxe5 dxe5 9. Bg5 Be6 10. Qa4 Qc8 11. Rfd1 Nd7 12. Nd5 e4 13. Nd2 f5 14. Rab1 Kh8 15. Nb3 Nce5 16. Nd4 Nb6 17. Qb5 c6 18. Nxb6 axb6 19. Qxb6 Nxc4 20. Qc5 Bd5 21. b3 b6 22. Qe7 Re8 23. bxc4 Rxe7 24. cxd5 Rd7 25. Nxc6 Rxd5 26. Rxd5 Qxc6 27. Rbd1 h6 28. Be3 Rxa2 29. Rd6 Qa4 30. Bf1 Ra1 31. Rd8+ Kh7 32. R1d7 g5 33. Bd4 Rxf1+ 34. Kxf1 Qd1+ 35. Kg2 Kg6 36. Rd6+ Kf7 37. R8d7+ Ke8 38. Bxg7 Qxe2 39. Bf6 1-0

[Event "VII Pontevedra Masters-A 2019"]
[Site "Pontevedra"]
[Date "2019.08.12"]
[Round "7"]
[White "Rodriguez Vila, Andres"]
[Black "Manolache, Marius"]
[Result "0-1"]
[ECO "B50"]
[WhiteElo "2492"]
[BlackElo "2504"]
[Annotator "ChessBase"]
[PlyCount "80"]
[EventDate "2019.??.??"]
[EventCountry "ESP"]
[SourceTitle "playchess.com"]
[Source "ChessBase"]
[SourceQuality "1"]
[TimeControl "5400+30"]

1. e4 c5 2. Nf3 e6 3. d3 Nc6 4. g3 Be7 5. Bg2 Nf6 6. O-O O-O 7. Re1 d6 8. Nc3 Bd7 9. a4 Rc8 10. h3 a6 11. Nd2 Rb8 12. f4 b5 13. axb5 axb5 14. e5 Ne8 15. Nf3 Qc7 16. Kh2 Nd4 17. Nxd4 cxd4 18. Ne2 Qb6 19. b3 f6 20. exf6 Bxf6 21. g4 g6 22. Bd2 b4 23. Ng3 Nc7 24. Re2 Bg7 25. Qe1 Rbc8 26. Ra2 Rce8 27. Be4 d5 28. Bg2 Nb5 29. Bxb4 Nc3 30. Bxc3 dxc3 31. f5 exf5 32. Bxd5+ Kh8 33. gxf5 Rxe2+ 34. Qxe2 Qd6 35. Be6 Bc6 36. Ra5 Qf4 37. Bd5 Be5 38. Qg2 Bxd5 39. Rxd5 Rxf5 40. d4 Qxg3+ 0-1